 Dungeon Crawl Stone Soup version 0.16-a0-3501-g08befd0 (webtiles) character file.

108 Minkie the Conjurer (level 4, -1/24 HPs)
             Began as a Tengu Conjurer on Jan 5, 2015.
             Killed from afar by Sigmund (9 damage)
             ... with a magic dart
             ... on level 3 of the Dungeon.
             The game lasted 00:07:06 (1710 turns).

Minkie the Conjurer (Tengu Conjurer)                Turns: 1710, Time: 00:07:06

Health: -1/24      AC:  2    Str:  9    XL:     4   Next: 87%
Magic:  15/19      EV: 12    Int: 16    God:
Gold:   140        SH:  0    Dex: 14    Spells: 1 memorised, 8 levels left

rFire  . . .     SeeInvis .     g - +4 spear
rCold  + . .     Clarity  .     a - +0 robe
rNeg   . . .     SustAb   .     (no shield)
rPois  .         Gourm    .     (helmet restricted)
rElec  .         Spirit   .     (no cloak)
rCorr  .         Warding  .     (no gloves)
rMut   .         Stasis   .     (boots unavailable)
MR     .....                    (no amulet)
Stlth  ++........               e - ring of protection from cold
                                d - ring of magical power

@: not resistant to hostile enchantments, unstealthy
A: beak, talons 3
a: no special abilities


You were on level 3 of the Dungeon.
You were hungry.

You visited 1 branch of the dungeon, and saw 3 of its levels.

You collected 140 gold pieces.

Inventory:

Hand weapons
 g - a +4 spear (weapon)
Armour
 a - a +0 robe (worn)
Jewellery
 d - a ring of magical power (left hand)
 e - a ring of protection from cold (right hand)
Scrolls
 h - 2 scrolls of teleportation {unknown}
 j - a scroll of enchant weapon {unknown}
 m - a scroll of fear {unknown}
 o - 3 scrolls of identify {unknown}
 q - a scroll of random uselessness {unknown}
 s - a scroll of noise {unknown}
Potions
 i - a potion of haste {unknown}
 k - a potion of might {unknown}
 n - a potion of curing {unknown}
 p - 2 potions of cancellation {unknown}
 r - a potion of agility {unknown}
 t - a potion of mutation {unknown}
Books
 c - a book of Conjurations

   Spells                             Type                      Level
   a - Magic Dart                     Conjuration                  1
   b - Searing Ray                    Conjuration                  2
   c - Dazzling Spray                 Conjuration/Hexes            3
   d - Fulminant Prism                Conjuration/Hexes            4
   e - Iskenderun's Mystic Blast      Conjuration                  4
   f - Iskenderun's Battlesphere      Conjuration/Charms           5
Comestibles
 b - 4 bread rations
 f - 3 meat rations
 l - 2 beef jerkies


   Skills:
 - Level 2.1 Dodging
 - Level 2.0 Stealth
 + Level 3.2 Spellcasting
 - Level 7.0 Conjurations


You had 8 spell levels left.
You knew the following spells:

 Your Spells              Type           Power        Failure   Level  Hunger
a - Magic Dart            Conj           ####         1%          1    None


Dungeon Overview and Level Annotations

Branches:
Dungeon (3/15)

Altars:
Ru

Annotations:
D:3 Sigmund


Innate Abilities, Weirdness & Mutations

You have a beak for a mouth.
You have claws for feet.


Message History

Confirm with . or Enter, or press ? or * to list all spells.
Aiming: Magic Dart
Press: ? - help, Shift-Dir - straight line, f/p - Sigmund
Aim: Sigmund, wielding a scythe and wearing a robe (lightly wounded)
The magic dart hits Sigmund.
Sigmund is lightly wounded.
Casting: Magic Dart
Confirm with . or Enter, or press ? or * to list all spells.
Aiming: Magic Dart
Press: ? - help, Shift-Dir - straight line, f/p - Sigmund
Aim: Sigmund, wielding a scythe and wearing a robe (lightly wounded)
The magic dart hits Sigmund.
Sigmund is moderately wounded.
Sigmund hits you from afar with a scythe!
Ouch! That really hurt!
Sigmund casts a spell.
Sigmund's eyes start glowing with a red light.
Sigmund points at you and mumbles some strange words.
The magic dart hits you!
You die...

............# #..<........#
............# #...........#
............###.........#
###......................#
#<........#..............#
#.........#................#
#.....(...#......#########.#
#.........#......# #
....#######.....@# ........#
###+##.## ......###
###.$#..## ......#
.#....@...## ......#
.$.$.$.$...(# ......#
.#.............<. ....###
####.#..###.... ..#.# #.#.##
.... ....# #.... .


You could see Sigmund.

Vanquished Creatures
  6 adders
  A worm (D:2)
  3 giant geckos (D:2)
  3 giant cockroaches
  4 goblins
  5 hobgoblins
  A ball python (D:2)
  7 bats
  3 giant newts
  7 jackals
  5 kobolds
  3 rats
48 creatures vanquished.

Notes
Turn   | Place    | Note
--------------------------------------------------------------
     0 | D:1      | Minkie, the Tengu Conjurer, began the quest for the Orb.
     0 | D:1      | Reached XP level 1. HP: 10/10 MP: 3/3
   215 | D:1      | Reached XP level 2. HP: 15/15 MP: 5/5
   236 | D:1      | Reached skill level 6 in Conjurations
   791 | D:2      | Reached XP level 3. HP: 13/19 MP: 7/7
   917 | D:2      | Reached skill level 7 in Conjurations
   990 | D:2      | Reached XP level 4. HP: 24/24 MP: 8/8
  1080 | D:2      | Found a sacrificial altar of Ru.
  1442 | D:3      | Noticed Sigmund
  1710 | D:3      | Killed from afar by Sigmund

Action                   |  1- 3 |  4- 6 || total
-------------------------+-------+-------++-------
Melee: Spear             |     3 |     3 ||     6
 Cast: Magic Dart        |    59 |    40 ||    99
 Stab: Sleeping          |     1 |     1 ||     2
  Eat: Chunk             |     1 |     2 ||     3
